Map: Lockdown LE

Players

leemonZito - Winner!

  • Race: Zerg Zerg
  • League: Master
  • Spawn Location: 7:00

RipNHammer

  • Race: Terran Terran
  • League: Master
  • Spawn Location: 1:00

VOD

Have the link to the VOD?

Description

Time

  • Played on: Sept. 8, 2026, 6:09 p.m.
  • Length: 11:09
Show
View Real Time Build Order
Export as new Build Order

leemonZito Zerg - Winner!

Build Orders: Hatch First, Roach Hydra 

Get SALT Encoding   

  8  0:01  Drone  
  9  0:10  Drone  
  10  0:16  Drone  
  11  0:27  Overlord  
  11  0:33  Drone  
  12  0:45  Drone x2  
  14  0:51  Drone  
  15  1:11  Hatchery  
  15  1:14  Drone  
  15  1:17  Drone  
  16  1:21  Drone  
  17  1:31  Extractor  
  16  1:37  Spawning Pool  
  15  1:40  Drone  
  15  1:44  Drone  
  17  1:50  Drone  
  18  2:00  Overlord  
  18  2:12  Drone  
  19  2:24  Queen x2  
  19  2:25  Zergling x2  
  19  2:29  Zergling x2  
  25  2:37  Metabolic Boost  
  25  2:40  Drone  
  25  2:41  Drone  
  27  2:46  Drone  
  27  2:47  Drone  
  29  2:56  Drone x2  
  31  3:07  Drone  
  32  3:16  Overlord, Hatchery  
  31  3:24  Overlord, Drone  
  32  3:35  Drone x6  
  38  3:41  Drone x2  
  38  3:45  Drone x2  
  38  3:46  Drone  
  43  3:51  Overlord  
  43  3:56  Queen  
  45  4:06  Roach Warren  
  45  4:09  Overlord  
  44  4:10  Drone, Evolution Chamber  
  44  4:12  Extractor  
  44  4:16  Queen  
  45  4:28  Zergling x6  
  45  4:29  Zergling x6  
  45  4:30  Zergling x2  
  52  4:33  Overlord  
  52  4:37  Zerg Missile Weapons Level 1  
  52  4:53  Queen  
  52  4:55  Lair  
  52  4:57  Drone x6  
  52  4:59  Extractor  
  59  5:03  Evolution Chamber  
  59  5:05  Overlord  
  57  5:21  Spore Crawler  
  57  5:22  Spore Crawler, Drone x3  
  57  5:25  Queen  
  57  5:27  Overlord  
  58  5:33  Zerg Ground Armor Level 1  
  58  5:34  Drone  
  59  5:36  Spore Crawler  
  59  5:40  Overlord x2  
  56  5:51  Zergling x10  
  56  5:52  Zergling x4  
  56  5:56  Overlord  
  59  5:57  Glial Reconstitution  
  59  6:03  Overlord  
  59  6:09  Drone  
  59  6:10  Drone x4  
  64  6:17  Drone  
  65  6:18  Drone x2  
  65  6:19  Drone x2  
  69  6:31  Drone x4  
  69  6:32  Drone x2  
  75  6:41  Roach x3  
  86  6:54  Roach x6  
  86  6:55  Roach x2  
  86  7:00  Roach  
  86  7:01  Roach  
  97  7:02  Overseer  
  97  7:03  Pneumatized Carapace  
  97  7:07  Hydralisk Den  
  93  7:09  Extractor, Drone x2  
  93  7:10  Extractor  
  93  7:11  Drone  
  93  7:12  Drone x2  
  93  7:13  Drone  
  97  7:16  Zerg Missile Weapons Level 2  
  97  7:18  Drone  
  97  7:19  Drone x2  
  100  7:23  Overlord  
  100  7:33  Spore Crawler  
  100  7:34  Drone, Overlord x2  
  100  7:38  Spire  
  100  7:40  Hatchery  
  100  7:41  Infestation Pit, Drone  
  100  7:42  Drone  
  100  7:43  Drone  
  100  7:47  Grooved Spines  
  100  7:48  Drone  
  101  8:12  Zerg Ground Armor Level 2  
  101  8:14  Drone  
  101  8:17  Hive  
  101  8:18  Extractor, Drone  
  101  8:19  Drone x2  
  104  8:21  Drone x3  
  104  8:30  Drone x6  
  108  8:34  Hydralisk x2  
  108  8:35  Hydralisk x4  
  108  8:36  Roach  
  108  8:37  Muscular Augments  
  115  8:52  Hydralisk  
  115  8:53  Roach, Overlord  
  115  8:54  Overlord x3  
  119  9:00  Spore Crawler, Roach  
  120  9:03  Overlord x2  
  116  9:12  Hydralisk  
  116  9:13  Hydralisk x3, Roach x2  
  124  9:21  Hydralisk x4  
  125  9:35  Drone x3  
  125  9:36  Drone x3  
  126  9:43  Hydralisk x3  
  127  9:47  Hydralisk x2  
  127  9:50  Infestor, Drone x2  
  127  9:51  Drone  
  127  9:52  Drone x3  
  139  9:54  Drone x3  
  139  9:59  Overseer  
  136  10:00  Overseer  
  136  10:05  Spore Crawler  
  135  10:12  Spore Crawler  
  131  10:24  Drone x5  
  131  10:25  Drone x7  
  131  10:26  Drone  
  144  10:28  Overlord  
  144  10:37  Overlord x5  
Show
View Real Time Build Order
Export as new Build Order

RipNHammer Terran 

Build Orders: Reaper Expand, Hellion Banshee 

Get SALT Encoding   

  8  0:00  SCV  
  9  0:12  SCV  
  10  0:24  SCV  
  11  0:36  SCV  
  11  0:39  Supply Depot  
  12  0:49  SCV  
  13  0:53  Refinery  
  13  1:01  SCV  
  14  1:05  Barracks  
  14  1:13  SCV  
  15  1:25  SCV  
  16  1:37  SCV  
  17  1:52  Reaper, Orbital Command  
  18  2:06  Command Center  
  18  2:18  SCV  
  19  2:24  Factory  
  19  2:30  SCV  
  19  2:32  Barracks Reactor  
  19  2:36  Refinery  
  20  2:46  SCV, Supply Depot  
  21  3:08  SCV  
  21  3:09  Starport  
  22  3:19  Hellion  
  26  3:20  Hellion  
  26  3:21  Orbital Command  
  26  3:29  SCV  
  27  3:41  Hellion x2  
  31  3:44  SCV  
  31  3:48  SCV  
  33  3:54  Viking  
  35  3:56  Barracks Tech Lab  
  35  3:57  SCV  
  36  4:03  Supply Depot  
  36  4:06  Hellion  
  38  4:10  Hellion  
  38  4:15  SCV x2  
  42  4:37  SCV  
  42  4:38  SCV  
  44  4:44  Supply Depot  
  44  4:49  Banshee, Cloaking Field  
  44  4:51  SCV  
  44  4:52  SCV  
  49  4:56  Command Center  
  49  5:07  Hellion x2  
  49  5:08  SCV x2  
  54  5:20  SCV  
  55  5:28  SCV  
  55  5:32  SCV  
  56  5:35  Factory  
  56  5:38  Banshee  
  56  5:39  Supply Depot  
  49  6:02  SCV  
  49  6:03  SCV  
  51  6:07  Hellion x2  
  51  6:11  Refinery, Factory  
  55  6:12  Refinery  
  55  6:14  Orbital Command  
  55  6:15  SCV x2  
  57  6:27  SCV x2  
  59  6:39  SCV x2  
  61  6:42  Hellion  
  61  6:43  Hellion, Cyclone  
  67  6:51  SCV x2  
  61  7:03  SCV  
  61  7:06  Hellion  
  61  7:07  Hellion, Factory Tech Lab  
  66  7:13  Armory  
  66  7:15  Cyclone  
  66  7:18  SCV x2  
  66  7:20  SCV  
  72  7:26  Cyclone  
  72  7:29  Mag-Field Accelerator  
  75  7:30  SCV  
  75  7:31  Infernal Pre-Igniter  
  76  7:39  SCV x2  
  76  7:41  Hellion x2  
  82  7:48  Hellion  
  82  7:49  SCV  
  82  7:51  SCV  
  86  8:15  Supply Depot  
  86  8:17  Supply Depot  
  86  8:19  Siege Tank, Hellion x2  
  93  8:21  SCV  
  93  8:35  Siege Tank  
  94  8:46  Orbital Command  
  94  8:49  Refinery  
  94  8:51  SCV x2  
  94  8:55  Engineering Bay  
  96  8:56  Supply Depot  
  96  9:03  SCV x2, Refinery  
  98  9:15  SCV x2  
  93  9:18  Cyclone, Siege Tank, Hellion  
  93  9:19  Hellion, SCV  
  81  9:27  SCV x2  
  80  9:31  SCV  
  79  9:40  Hellion x2  
  81  9:48  Factory  
  81  9:50  Factory, Siege Tank  
  77  9:57  Cyclone  
  80  10:04  Hellion x2  
  80  10:05  Armory  
  84  10:07  Supply Depot  
  84  10:19  Armory  
  84  10:22  Siege Tank  
  84  10:25  Hellion  
  84  10:26  SCV  
  90  10:29  Cyclone  
  90  10:31  Supply Depot  
  93  10:37  Factory Tech Lab  
  93  10:38  Factory Tech Lab  
Tags
 
Add a new tag
Caveats
  • Supply blocks, unpowered buildings, or Contaminate may cause inaccurate times.
  • Supply counts are checked every 10 seconds.